 Dungeon Sprint DCSS version 0.24-a0-525-g9231cdc (webtiles) character file.

Game seed: 11317822383077856508

420 silentkaos13 the Whirler (level 7, -9/50 HPs)
             Began as a Halfling Hunter on Aug 4, 2019.
             Was an Initiate of Kikubaaqudgha.
             Mangled by a slime creature (19 damage)
             ... in the Dungeon (Sprint I: "Red Sonja").
             The game lasted 00:03:03 (501 turns).

silentkaos13 the Whirler (Halfling Hunter)           Turns: 501, Time: 00:03:03

Health: -9/50      AC:  3    Str: 13    XL:     7   Next: 16%
Magic:  7/7        EV: 16    Int:  9    God:    Kikubaaqudgha [......]
Gold:   297        SH:  0    Dex: 17    Spells: 2/6 levels left

rFire    . . .     SeeInvis .   a - +1 hunting sling
rCold    . . .     Gourm    .   (shield restricted)
rNeg     . . .     Faith    .   c - +0 leather armour
rPois    .         Spirit   .   (no helmet)
rElec    .         Reflect  .   (no cloak)
rCorr    .         Harm     .   (no gloves)
MR       .....     NoTele   +   (no boots)
Stlth    ++........             (no amulet)
HPRegen  0.16/turn              (no ring)
MPRegen  0.10/turn              (no ring)

@: no status effects
A: small, mutation resistance 1
a: Renounce Religion


You were in the Dungeon.
You worshipped Kikubaaqudgha.
Kikubaaqudgha was noncommittal.
You were not hungry.

You visited 1 branch You collected 297 gold pieces.

Inventory:

Hand Weapons
 a - a +1 hunting sling (weapon)
 b - a +0 short sword
Missiles
 d - a sling bullet (quivered)
 l - 24 stones
Armour
 c - a +0 leather armour (worn)
Scrolls
 k - a scroll of blinking
Potions
 e - a potion of curing
 h - a potion of haste
 i - 2 potions of magic
 j - a potion of berserk rage
Comestibles
 f - a ration


   Skills:
 + Level 5.3 Fighting
 + Level 16.6 Slings
 + Level 3.9 Armour
 + Level 3.7 Dodging
 + Level 1.1 Stealth
 * Level 2.1 Necromancy


You had 2 spell levels left.
You knew the following spells:

 Your Spells              Type           Power        Failure   Level  Hunger
a - Regeneration          Chrm/Necr      #.........   69%         3    ####...
b - Pain                  Necr           #...         22%         1    ##.....

Your spell library contained the following spells:

 Spells                   Type           Power        Failure   Level  Hunger
 Animate Skeleton         Necr           N/A          22%         1    ##.....
 Vampiric Draining        Necr           #.........   54%         3    ####...
 Animate Dead             Necr           N/A          91%         4    #####..


Dungeon Overview and Level Annotations

Branches:
Dungeon (1/1)

Altars:
Cheibriados
Dithmenos
Elyvilon
Fedhas
Gozag
Hepliaklqana
Kikubaaqudgha
Makhleb
Nemelex Xobeh
Okawaru
Qazlal
Ru
Sif Muna
Trog
Uskayaw
Vehumet
Wu Jian
Xom
Yredelemnul
Zin
The Shining One
Jiyva
Lugonu

Shops:
D (


Innate Abilities, Weirdness & Mutations

You are small and have problems with some larger weapons.
You are somewhat resistant to further mutation.


Message History

Firing (i - inventory. (/) - cycle)
d - 4 sling bullets (quivered)
Press: ? - help, Shift-Dir - straight line, f/p - slime creature
Aim: a slime creature (severely wounded)
You shoot a sling bullet.
The sling bullet hits the slime creature.
The slime creature is almost dead.
The slime creature closely misses you.
Firing (i - inventory. (/) - cycle)
d - 3 sling bullets (quivered)
Press: ? - help, Shift-Dir - straight line, f/p - slime creature
Aim: a slime creature (almost dead)
You shoot a sling bullet.
The sling bullet barely misses the slime creature.
Firing (i - inventory. (/) - cycle)
d - 2 sling bullets (quivered)
Press: ? - help, Shift-Dir - straight line, f/p - slime creature
Aim: a slime creature (almost dead)
You shoot a sling bullet.
The sling bullet barely misses the slime creature.
The slime creature hits you!!
You die...
Kikubaaqudgha rasps: "You have failed me!
Welcome... death!"

################ ##
#<.#..)..#..'..#__#
#..[..#..'..#.@J((+
#..#####'#####'#__#
#..####..#...#.# ##
#.)#__####..##.#
#..#_____##'#_.+
#⌠⌠#_.∩...†..._#
####_..__##_.#'#
#_____###+#)#
####### ###


You could see a slime creature.

Vanquished Creatures
  Sigmund (D)
  A yak (D)
  An ogre (D)
  A jelly (D)
  Ijyb (D)
5 creatures vanquished.

Notes
Turn   | Place    | Note
-------+----------+-------------------------------------------
     0 | D        | silentkaos13 the Halfling Hunter began the quest for the
                  | Orb.
     0 | D        | Reached XP level 1. HP: 14/14 MP: 1/1
     1 | D        | Noticed Ijyb
    23 | D        | Killed Ijyb
    23 | D        | Reached skill level 9 in Slings
    23 | D        | Reached skill level 1 in Armour
    23 | D        | Reached XP level 2. HP: 9/20 MP: 2/2
    23 | D        | Reached XP level 3. HP: 12/25 MP: 3/3
   186 | D        | Noticed an ogre
   192 | D        | Killed an ogre
   192 | D        | Reached skill level 12 in Slings
   192 | D        | Reached XP level 4. HP: 31/31 MP: 4/4
   192 | D        | Reached XP level 5. HP: 36/36 MP: 5/5
   206 | D        | Noticed Sigmund
   237 | D        | Killed Sigmund
   237 | D        | Reached skill level 15 in Slings
   237 | D        | Reached XP level 6. HP: 16/44 MP: 6/6
   401 | D        | Found an ornate altar of the Wu Jian Council.
   401 | D        | Found a deep blue altar of Sif Muna.
   403 | D        | Found a radiant altar of Vehumet.
   419 | D        | Learned a level 3 spell: Regeneration
   434 | D        | Found Efys's Antique Weapon Emporium.
   434 | D        | Found an ancient bone altar of Kikubaaqudgha.
   434 | D        | Found a hazy altar of Hepliaklqana.
   434 | D        | Found a stormy altar of Qazlal.
   434 | D        | Found a hide-covered altar of Uskayaw.
   434 | D        | Found a blossoming altar of Fedhas.
   434 | D        | Found a bloodstained altar of Trog.
   434 | D        | Found an iron altar of Okawaru.
   434 | D        | Found a basalt altar of Yredelemnul.
   434 | D        | Found a glowing golden altar of the Shining One.
   434 | D        | Found a snail-covered altar of Cheibriados.
   434 | D        | Found a sacrificial altar of Ru.
   434 | D        | Found a glowing silver altar of Zin.
   434 | D        | Found a shadowy altar of Dithmenos.
   434 | D        | Found a white marble altar of Elyvilon.
   434 | D        | Noticed a yak
   445 | D        | HP: 1/44 [yak (11)]
   447 | D        | Killed a yak
   447 | D        | Reached skill level 5 in Fighting
   447 | D        | Reached skill level 16 in Slings
   447 | D        | Reached XP level 7. HP: 33/50 MP: 7/7
   448 | D        | Found an opulent altar of Gozag.
   450 | D        | Found a sparkling altar of Nemelex Xobeh.
   459 | D        | Became a worshipper of Kikubaaqudgha
   463 | D        | Learned a level 1 spell: Pain
   488 | D        | Found a burning altar of Makhleb.
   488 | D        | Found a viscous altar of Jiyva.
   488 | D        | Found a shimmering altar of Xom.
   488 | D        | Found a corrupted altar of Lugonu.
   488 | D        | Noticed a slime creature
   501 | D        | Mangled by a slime creature

Levels and vault maps discovered:
D:        dungeon_sprint_1 [red_sonja_temple_1, red_sonja_temple_small_1]

Skill      XL: |  1  2  3  4  5  6 |
---------------+-------------------+-----
Fighting       | 2 3 4 5 |  5.3
Slings         | 9 12 15 16 | 16.6
Armour         | 1 2 3 |  3.9
Dodging        | 3 |  3.7
Necromancy     | 2 |  2.1
Stealth        | |  1.1

Action                   |  1- 3 |  4- 6 |  7- 9 || total
-------------------------+-------+-------+-------++-------
Melee: Short sword       |     1 |       |       ||     1
 Fire: Hunting sling     |    26 |    32 |    13 ||    71
  Use: Potion            |       |     1 |       ||     1
Armor: Leather armour    |     2 |     1 |       ||     3
Dodge: Dodged            |    12 |     5 |     3 ||    20

Table legend:
 A = Non-vault XP
 B = Vault XP
 C = Vault XP percentage of total XP
 D = Non-vault monster count
 E = Vault monster count
 F = Vault count percentage of total count
                 A         B        C        D         E       F
            +---------+---------+-------+---------+---------+-------
      Total |       0 |     601 | 100.0 |       0 |       5 | 100.0
            +---------+---------+-------+---------+---------+-------
          D |       0 |     601 | 100.0 |       0 |       5 | 100.0
            +---------+---------+-------+---------+---------+-------
